General information
			
			
        
        - name: BNet
 
        - type: Ladder 1vs1/FFA
 
        - host: Battle.net
 
        - saver: Starshaped
 
        
map: TwistedMeadows 
        - players: 2
 
        - length: 29:49
 
        - speed: Fast
 - version: 1.22 W3XP
 - replay type:  Public
 
» download(128 KB)
Players
        team 1 (tie) 
              
              
UniVeRsSs (
purple | 121 APM | 3602 actions | 29:48)
              
 5 Death Knight 
 3 Death Coil
 2 Unholy Aura
 3 Lich 
 2 Frost Nova
 1 Dark Ritual
 4 Crypt Lord 
 2 Impale
 2 Carrion Beetles
 
                » actions 
                
                | Assign group hotkey | 46 |  | 
| Basic commands | 236 |  | 
| Build / train | 118 |  | 
| ESC pressed | 3 |  | 
| Enter build submenu | 29 |  | 
| Enter hero's abilities submenu | 12 |  | 
| Give item / drop item | 3 |  | 
| Right click | 1457 |  | 
| Select / deselect | 740 |  | 
| Select group hotkey | 765 |  | 
| Use ability | 193 |  | 
                3602 total
 » units 
                
                | Acolyte | 15 |  | 
| Ghoul | 22 |  | 
| Crypt Fiend | 14 |  | 
| Meatwagon | 6 |  | 
| Obsidian Statue | 3 |  | 
| Abomination | 5 |  | 
                65 total
 » upgrades
                » buildings
                
                | Altar of Darkness | 2 |  | 
| Ziggurat | 11 |  | 
| Crypt | 3 |  | 
| Tomb of Relics | 1 |  | 
| Nerubian Tower | 3 |  | 
| Halls of the Dead | 1 |  | 
| Necropolis | 1 |  | 
| Graveyard | 1 |  | 
| Slaughterhouse | 3 |  | 
| Black Citadel | 5 |  | 
| Spirit Tower | 9 |  | 
                40 total
 » build order
                00:06 Altar of Darkness
00:08 Ziggurat
00:10 Ziggurat
00:38 Crypt
01:03 Ziggurat
01:30 Tomb of Relics
02:16 Nerubian Tower
03:50 Ziggurat
04:24 Halls of the Dead
05:41 Necropolis
08:44 Crypt
08:44 Graveyard
09:03 Nerubian Tower
10:08 Slaughterhouse
10:16 Crypt
10:45 Black Citadel
10:45 Black Citadel
10:51 Spirit Tower
10:51 Spirit Tower
10:51 Spirit Tower
12:48 Ziggurat
12:49 Ziggurat
13:57 Slaughterhouse
13:58 Slaughterhouse
18:04 Altar of Darkness
18:36 Ziggurat
18:37 Ziggurat
20:17 Ziggurat
20:46 Ziggurat
22:01 Spirit Tower
22:02 Spirit Tower
22:02 Spirit Tower
23:46 Ziggurat
23:56 Nerubian Tower
28:11 Spirit Tower
» items
                
                | Rod of Necromancy | 7 |  | 
| Scroll of Town Portal | 3 |  | 
| Potion of Healing | 1 |  | 
                11 total
  
               team 2 (tie) 
              
              
» 
Starshaped (
orange | 136 APM | 4043 actions | 29:49)
              
 7 Archmage 
 3 Summon Water Elemental
 3 Brilliance Aura
 1 Mass Teleport
 4 Mountain King 
 2 Storm Bolt
 2 Thunder Clap
 
                » actions 
                
                | Assign group hotkey | 59 |  | 
| Basic commands | 103 |  | 
| Build / train | 85 |  | 
| ESC pressed | 1 |  | 
| Enter build submenu | 35 |  | 
| Enter hero's abilities submenu | 11 |  | 
| Remove unit from queue | 1 |  | 
| Right click | 1766 |  | 
| Select / deselect | 743 |  | 
| Select group hotkey | 1068 |  | 
| Use ability | 171 |  | 
                4043 total
 » units 
                
                | Peasant | 15 |  | 
| Footman | 3 |  | 
| Rifleman | 12 |  | 
| Priest | 5 |  | 
| Sorceress | 6 |  | 
                41 total
 » upgrades
                
                | Long Rifles | 1 |  | 
| Gunpowder | 2 |  | 
| Sorceress Training | 1 |  | 
| Magic Sentry | 1 |  | 
| Armor | 2 |  | 
                7 total
 » buildings
                
                | Altar of Kings | 1 |  | 
| Farm | 13 |  | 
| Barracks | 1 |  | 
| Keep | 1 |  | 
| Blacksmith | 1 |  | 
| Arcane Vault | 2 |  | 
| Arcane Sanctum | 1 |  | 
| Lumber Mill | 1 |  | 
| Guard Tower | 9 |  | 
| Scout Tower | 9 |  | 
                39 total
 » build order
                00:08 Altar of Kings
00:19 Farm
00:21 Barracks
00:34 Farm
01:37 Farm
02:46 Keep
03:01 Blacksmith
03:20 Farm
03:42 Farm
03:45 Arcane Vault
04:52 Farm
05:28 Arcane Sanctum
06:12 Lumber Mill
07:24 Guard Tower
08:47 Scout Tower
09:16 Guard Tower
09:19 Arcane Vault
10:15 Farm
10:35 Scout Tower
10:45 Scout Tower
11:08 Guard Tower
11:11 Scout Tower
11:40 Guard Tower
11:41 Scout Tower
12:05 Guard Tower
12:55 Farm
12:55 Farm
13:00 Scout Tower
13:03 Scout Tower
16:24 Scout Tower
16:38 Farm
16:44 Guard Tower
20:55 Farm
20:55 Farm
21:59 Guard Tower
22:02 Guard Tower
22:04 Guard Tower
26:14 Scout Tower
27:00 Farm
» items
                
                | Scroll of Regeneration | 6 |  | 
| Ivory Tower | 6 |  | 
| Potion of Healing | 1 |  | 
                13 total
  
                Chat log
          (00:40 / All) UniVeRsSs: hf
(00:46 / All) Starshaped: hf man
(22:21 / All) UniVeRsSs: GG
(22:22 / All) Starshaped: gg
(22:33 / All) Starshaped: tt
(23:07 / All) Starshaped: O_O
(23:39 / All) UniVeRsSs: {}
(23:53 / All) Starshaped: how long you had expo?
(24:07 / All) UniVeRsSs: HAHA
(25:51 / All) UniVeRsSs: gg
(25:52 / All) Starshaped: gg
(25:58 / All) Starshaped: ;)
(26:11 / All) Starshaped: how long did you have expo?
(26:22 / All) UniVeRsSs: amm....
(26:29 / All) UniVeRsSs: 3 min after start the game
(26:30 / All) UniVeRsSs: ;)
(26:33 / All) Starshaped: lol
(26:37 / All) UniVeRsSs: fe
(26:38 / All) UniVeRsSs: ^^
(26:44 / All) Starshaped: i thought something was wrong
(26:48 / All) Starshaped: when u were t2 only ghouls ^^
(26:53 / All) Starshaped: alot of ghouls :D
(27:02 / All) UniVeRsSs: this is my plan
(27:05 / All) Starshaped: yeah
(27:09 / All) Starshaped: should have scouted for it
(27:09 / All) Starshaped: tt
(27:11 / All) UniVeRsSs: u do not check for exe ^^
(27:15 / All) UniVeRsSs: yrs 
(27:17 / All) UniVeRsSs: yes :)
(27:22 / All) Starshaped: when i see your units and tech
(27:25 / All) Starshaped: i should have scouted
(27:29 / All) Starshaped: obvious u had something :O
(27:32 / All) UniVeRsSs: yea :)
(28:45 / All) UniVeRsSs: ^^
(28:47 / All) Starshaped: :D
(29:44 / All) Starshaped: gg
(29:46 / All) UniVeRsSs: gg